 Dungeon Crawl Stone Soup version 0.31-a0-1352-gc98d92de7d (webtiles) character file.

Game seed: 8207075148168321516

1574024 PanSaczeczos the Conqueror (level 26, 239/239 HPs)
             Began as a Minotaur Reaver on Dec 22, 2023.
             Was an Elder of Hepliaklqana.
             Escaped with the Orb
             ... and 3 runes!
             The game lasted 02:52:26 (79975 turns).

PanSaczeczos the Conqueror (Minotaur Reaver)       Turns: 79975, Time: 02:52:28

Health: 239/239    AC: 43    Str: 35    XL:     26   Next: 75%
Magic:  42/44      EV: 13    Int:  6    God:    Hepliaklqana [****..]
Gold:   3214       SH: 25    Dex: 11    Spells: 26/27 levels left

rFire   + + +        b - +9 broad axe (freeze)
rCold   + + +        Z - +1 tower shield {reflect}
rNeg    . . .        Y - +12 gold dragon scales
rPois   +            X - +1 hat
rElec   +            G - +2 cloak
rCorr   +            U - +1 pair of gloves
SInv    +            v - +2 pair of boots "Rapsiok" {^Contam rC+ Regen+ Str+4}
Will    ++...        i - amulet "Ycagauqu" {Acrobat SInv} Stlth
                     y - ring of Brilliance {rF+ Will+ MP+9}
HPRegen 1.39/turn    N - ring of Cowardice {rElec rC+ rCorr Str+4 Int-4}
MPRegen 0.29/turn

%: reflection, acrobat
@: hasted (expiring), studying Ranged Weapons, very quick
A: reduced essence, horns 2, retaliatory headbutt, deformed body, fire
resistance 1
0: Orb of Zot
}: 3/15 runes: decaying, serpentine, silver
a: Renounce Religion, Recall Ancestor, Ancestor Identity, Transference, Idealise


You escaped.
You worshipped Hepliaklqana.
Hepliaklqana was greatly pleased with you.
You visited 10 branches of the dungeon, and saw 50 of its levels.
You also visited: Trove, Sewer and Volcano.

You collected 8186 gold pieces.
You spent 4972 gold pieces at shops.

Inventory:

Hand Weapons
 a - a +2 demon trident of electrocution
 b - a +9 broad axe of freezing (weapon)
 o - a +0 trishula of holy wrath
Missiles
 C - 17 curare-tipped darts
 R - 10 boomerangs (quivered)
Armour
 v - the +2 pair of boots "Rapsiok" (worn) {^Contam rC+ Regen+ Str+4}
   (You found it on level 2 of the Depths)

   Str+4:     It affects your strength (+4).
   rC+:       It protects you from cold.
   ^Contam:   It causes magical contamination when unequipped.
   Regen+:    It increases your rate of health regeneration.
 G - a +2 cloak (worn)
 U - a +1 pair of gloves (worn)
 X - a +1 hat (worn)
 Y - +12 gold dragon scales (worn)
 Z - a +1 tower shield of reflection (worn)
Jewellery
 i - the amulet "Ycagauqu" (around neck) {Acrobat SInv}
   (You found it in a treasure trove)

   [amulet of the acrobat]

   Acrobat:   It increases your evasion while moving and waiting.
   SInv:      It lets you see invisible.
 y - the ring of Brilliance (left hand) {rF+ Will+ MP+9}
   (You found it on level 3 of the Crypt)

   [ring of magical power]

   rF+:       It protects you from fire.
   Will+:     It increases your willpower.
   MP+9:      It affects your magic capacity (+9).
 N - the ring of Cowardice (right hand) {rElec rC+ rCorr Str+4 Int-4}
   (You bought it in a shop on level 5 of the Dungeon)

   [ring of protection from cold]

   Str+4:     It affects your strength (+4).
   Int-4:     It affects your intelligence (-4).
   rC+:       It protects you from cold.
   rElec:     It insulates you from electricity.
   rCorr:     It protects you from acid and corrosion.
 P - the amulet of the Queen {Spirit rCorr Dex+5}
   (You found it in a treasure trove)

   [amulet of guardian spirit]

   Spirit:    It causes incoming damage to be divided between your reserves of
   health and magic.
   Dex+5:     It affects your dexterity (+5).
   rCorr:     It protects you from acid and corrosion.
Wands
 n - a wand of digging (24)
 t - a wand of charming (38)
 D - a wand of polymorph (41)
 H - a wand of mindburst (39)
 J - a wand of roots (18)
 L - a wand of flame (92)
 W - a wand of quicksilver (12)
Scrolls
 c - a scroll of summoning {!r}
 h - 3 scrolls of enchant weapon {!r}
 l - 13 scrolls of teleportation {!r}
 p - 5 scrolls of noise {!r}
 q - 10 scrolls of blinking {!r}
 w - 10 scrolls of fog {!r}
 B - 7 scrolls of revelation {!r}
 F - 7 scrolls of poison {!r}
 K - 4 scrolls of silence {!r}
 Q - 10 scrolls of fear {!r}
 V - 7 scrolls of vulnerability {!r}
Potions
 d - 9 potions of attraction
 e - 6 potions of enlightenment
 g - 11 potions of heal wounds
 j - 2 potions of cancellation
 k - 12 potions of mutation
 m - 4 potions of might {@q3}
 r - 4 potions of invisibility
 s - 7 potions of haste
 u - 6 potions of ambrosia
 z - 7 potions of magic
 M - 23 potions of curing
 O - 3 potions of lignification
 S - 6 potions of resistance
Miscellaneous
 x - a lightning rod (4/4)
 E - a condenser vane
 I - a phantom mirror
 T - a phial of floods


   Skills:
 O Level 27 Fighting
 - Level 15.8(18.0) Axes
 - Level 8.0(12.9) Maces & Flails
 - Level 12.0(15.4) Polearms
 - Level 12.0 Throwing
 - Level 24.0 Armour
 - Level 16.0 Dodging
 + Level 26.5 Shields
 - Level 1.3 Spellcasting
 - Level 2.1 Conjurations
 - Level 18.0 Invocations
 - Level 12.0 Evocations


You had 26 spell levels left.
You knew the following spells:

 Your Spells              Type           Power      Damage    Failure   Level
a - Kiss of Death         Conj/Necr      4%         2d5       83%         1

Your spell library contained the following spells:

 Spells                   Type           Power      Damage    Failure   Level
 Magic Dart               Conj           12%        1d3       67%         1
 Searing Ray              Conj           6%         2d4       82%         2
 Sting                    Conj/Alch      4%         1d3       83%         1
 Momentum Strike          Conj/Tloc      2%         3d8       92%         2
 Apportation              Tloc           0%         N/A       93%         1
 Necrotise                Necr           0%         1d4       93%         1
 Slow                     Hex            0%         N/A       93%         1
 Summon Small Mammal      Summ           0%         N/A       93%         1
 Blink                    Tloc           0%         N/A       98%         2
 Call Imp                 Summ           0%         N/A       98%         2
 Cigotuvi's Dreadful Rot  Necr/Alch/Air  0%         N/A       98%         2
 Ensorcelled Hibernation  Hex/Ice        0%         N/A       98%         2
 Jinxbite                 Hex            0%         N/A       98%         2
 Lesser Beckoning         Tloc           0%         N/A       98%         2
 Mercury Vapours          Alch/Air       0%         N/A       98%         2
 Passwall                 Alch/Erth      0%         N/A       98%         2
 Scorch                   Fire           0%         2d5       98%         2
 Sublimation of Blood     Necr           0%         N/A       98%         2
 Dazzling Flash           Conj/Hex       2%         N/A       99%         3
 Hailstorm                Conj/Ice       1%         3d5       99%         3
 Mephitic Cloud           Conj/Alch/Air  1%         N/A       99%         3
 Stone Arrow              Conj/Erth      2%         3d7       99%         3
 Confusing Touch          Hex            0%         N/A       100%        3
 Frozen Ramparts          Ice            0%         1d1       100%        3
 Fugue of the Fallen      Necr           0%         N/A       100%        3
 Gell's Gravitas          Tloc           0%         N/A       100%        3
 Inner Flame              Hex/Fire       0%         N/A       100%        3
 Sigil of Binding         Hex            0%         N/A       100%        3
 Swiftness                Air            0%         N/A       100%        3
 Teleport Other           Tloc           0%         N/A       100%        3
 Tukima's Dance           Hex            0%         N/A       100%        3
 Vampiric Draining        Necr           0%         2d6       100%        3
 Volatile Blastmotes      Fire/Tloc      0%         2d10      100%        3
 Anguish                  Hex/Necr       0%         N/A       100%        4
 Animate Armour           Summ/Erth      0%         N/A       100%        4
 Animate Dead             Necr           0%         N/A       100%        4
 Brom's Barrelling Bould  Conj/Erth      1%         2d3       100%        4
 Dimensional Bullseye     Hex/Tloc       0%         N/A       100%        4
 Dispel Undead            Necr           0%         3d6       100%        4
 Flame Wave               Conj/Fire      1%         2d4       100%        4
 Fulminant Prism          Conj/Alch      0%         3d5       100%        4
 Ignite Poison            Fire/Alch      0%         N/A       100%        4
 Iskenderun's Mystic Bla  Conj/Tloc      1%         2d3       100%        4
 Leda's Liquefaction      Alch/Erth      0%         N/A       100%        4
 Manifold Assault         Tloc           0%         N/A       100%        4
 Olgreb's Toxic Radiance  Alch           0%         N/A       100%        4
 Petrify                  Alch/Erth      0%         N/A       100%        4
 Sticky Flame             Fire/Alch      0%         2d4       100%        4
 Summon Ice Beast         Ice/Summ       0%         N/A       100%        4
 Summon Lightning Spire   Summ/Air       0%         N/A       100%        4
 Vhi's Electric Charge    Tloc/Air       0%         N/A       100%        4
 Agony                    Necr           0%         N/A       100%        5
 Alistair's Intoxication  Alch           0%         N/A       100%        5
 Arcjolt                  Conj/Air       0%         1d10      100%        5
 Borgnjor's Vile Clutch   Necr/Erth      0%         N/A       100%        5
 Fireball                 Conj/Fire      0%         3d3       100%        5
 Freezing Cloud           Conj/Ice/Air   0%         6-21      100%        5
 Iskenderun's Battlesphe  Conj           3%         2d6       100%        5
 Lee's Rapid Deconstruct  Erth           0%         3d4*      100%        5
 Metabolic Englaciation   Hex/Ice        0%         N/A       100%        5
 Silence                  Hex/Air        0%         N/A       100%        5
 Summon Forest            Summ/Tloc      0%         N/A       100%        5
 Summon Mana Viper        Hex/Summ       0%         N/A       100%        5
 Yara's Violent Unravell  Hex/Alch       0%         3d3       100%        5
 Conjure Ball Lightning   Conj/Air       0%         3x3d6     100%        6
 Death Channel            Necr           0%         N/A       100%        6
 Dispersal                Tloc           0%         N/A       100%        6
 Eringya's Noxious Bog    Alch           0%         4d6       100%        6
 Plasma Beam              Fire/Air       0%         2x1d10    100%        6
 Simulacrum               Ice/Necr       0%         N/A       100%        6
 Starburst                Conj/Fire      0%         6d3       100%        6
 Summon Cactus Giant      Summ           0%         N/A       100%        6
 Monstrous Menagerie      Summ           0%         N/A       100%        7
 Orb of Destruction       Conj           1%         9d5       100%        7
 Ozocubu's Refrigeration  Ice            0%         4d7       100%        7
 Summon Hydra             Summ           0%         N/A       100%        7
 Discord                  Hex            0%         N/A       100%        8
 Disjunction              Tloc           0%         N/A       100%        8
 Ignition                 Fire           0%         3d3       100%        8
 Lehudib's Crystal Spear  Conj/Erth      0%         10d2      100%        8
 Maxwell's Capacitive Co  Air            0%         ∞         100%        8
 Death's Door             Necr           0%         N/A       100%        9


Dungeon Overview and Level Annotations

Branches:
Dungeon (15/15)            Temple (0/1) D:7            Lair (5/5) D:11
  Swamp (4/4) Lair:3        Snake (4/4) Lair:2        Slime (0/5) Lair:4
    Orc (2/2) D:10            Elf (3/3) Orc:2        Vaults (5/5) D:13
  Crypt (3/3) Vaults:3       Tomb (0/3) Crypt:3      Depths (4/4) D:15
    Zot (5/5) Depths:4      Sewer (visited)         Volcano (visited)

Altars:
Cheibriados
Dithmenos
Elyvilon
Hepliaklqana
Kikubaaqudgha
Makhleb
Okawaru
Ru
Sif Muna
Trog
Uskayaw
Vehumet
Wu Jian
Xom
Yredelemnul
Zin
The Shining One
Ignis
Jiyva
Lugonu

Shops:
D:2 (   D:5 =   D:7 =   Orc:2 [:[?   Elf:2 *   Elf:3 *   Vaults:1 :
Vaults:5 ???!???   Depths:4 *

Portals:
Hell: Depths:1 Depths:2 Depths:3 Depths:4
Abyss: Lair:5 Vaults:1 Depths:3 Depths:4
Pandemonium: Depths:1 Depths:2
Ziggurat: Depths:4

Annotations:
D:7 1 runed translucent door, exclusion: door, Crazy Yiuf
D:15 2 transporters, Gympuve's ghost, adept TrFi
Lair:1 1 runed translucent door, exclusion: door, Konar's ghost, journeyman BaHu
Swamp:4 3 runed translucent doors, exclusion: 3 doors, Xenophilius's ghost, adept DsFE
Elf:1 1 runed translucent door, MrCrawl's ghost, adept DrFE
Elf:2 3 runed translucent doors, exclusion: 3 doors
Vaults:1 2 transporters, Huosm's ghost, adept TrFi
Zot:4 6 transporters


Innate Abilities, Weirdness & Mutations

Your life essence is reduced to manifest your ancestor. (-10% HP)
You have a pair of horns on your head.
You reflexively headbutt those who attack you in melee.
Armour fits poorly on your strangely shaped body.
Your flesh is heat resistant. (rF+)


Message History

You kill the blizzard demon!
The Brimstone Fiend gestures at you.
The sphere of damnation explodes!
The damnation engulfs you!
You slash the large abomination! You freeze the large abomination.
You headbutt the large abomination, but do no damage.
The large abomination is moderately damaged.
The large abomination closely misses you.
You furiously retaliate!
You headbutt the large abomination, but do no damage.
You chop the large abomination into pieces!!!
You freeze the large abomination.
You destroy the large abomination!
Gaopoc comes into view.
Gaopoc gestures.
Gaopoc flickers and vanishes for a moment.
There is a stone staircase leading up here.
Gaopoc hits Zulima!
Zulima hits Gaopoc with a +0 lajatang of freezing!
Zulima freezes Gaopoc.
Gaopoc hits Zulima but does no damage.
You climb upwards.
There is a stone staircase leading down here.
You feel yourself speed up.
Zulima is recalled.
You swap places.
Aiming: Dig
Press: ? - help, Shift-Dir - straight line This square is covered in magical glow.
Okay, then.
Unknown command.
Aiming: Dig
Press: ? - help, Shift-Dir - straight line A rock wall.
This square is covered in magical glow.
The rock shatters into small pieces.
Unknown command.
Your extra speed is starting to run out.
There is a staircase leading out of the dungeon here.
Zulima is recalled.
Unknown command.
You have escaped!

▒▒▒▒▒)▒·▒▒▒▒·▒▒▒▒▒▒▒▒·▒▒▒▒····)·▒▒▒
▒▒···▒·················▒·····▒ ▒
▒··▒▒▒·▒▒▒▒▒▒▒'▒▒▒▒▒▒··▒·····▒ ▒
▒>·▒ ▒·▒·············▒·▒·····▒▒▒
▒··▒ ▒·▒·▒▒▒▒▒▒▒▒▒▒··▒·▒·······▒
▒··▒ ▒·▒·▒·········▒·▒·▒·····▒·▒
▒··▒ ▒·▒·▒·▒▒▒·▒▒··▒·▒·▒▒▒▒▒▒▒·▒
▒··▒▒▒·▒·▒·▒·R···▒·▒·▒·▒▒▒▒▒▒▒·▒
▒··▒···▒···▒··@··▒···▒·······▒·▒
▒····▒·▒·▒·▒·····▒·▒·▒·▒·····▒·▒
▒··▒·▒·▒·▒·▒▒▒▒▒▒▒·▒·▒·▒·····▒·▒
▒··▒·▒·▒·▒·········▒·▒·▒·····▒·▒
▒··▒·▒·▒·▒▒▒▒▒▒▒▒▒▒▒·▒·▒·····▒·▒
▒··▒·▒·▒·············▒·▒·······▒
▒····▒·▒▒▒▒▒▒▒'▒▒▒▒▒▒▒·▒·····▒▒▒
▒▒·▒·▒·················▒·····▒ ▒
▒·▒·▒▒▒▒▒·▒▒▒▒▒▒▒▒·▒▒▒▒·····▒ ▒


You could see the friendly Zulima the battlemage.

Vanquished Creatures
  4 dread liches
  4 ancient liches
  Mennas (Vaults:4)
  An orb of fire (Zot:5)
  A Killer Klown (Zot:5)
  5 caustic shrikes
  2 curse toes
  6 golden dragons
  A bone dragon (Crypt:3)
  2 electric golems
  A shard shrike skeleton (Crypt:3)
  8 tentacled monstrosities
  Zenata (Vaults:1)
  4 liches
  17 Orb Guardians
  3 titans
  3 deep elf master archers
  A deep elf blademaster (Elf:3)
  5 quicksilver dragons
  A sphinx (Vaults:5)
  2 ancient champions (Crypt:2)
  3 thorn hunters (Swamp:4)
  3 death cobs
  7 storm dragons
  The ghost of Iffuusoj the Severer, an adept MiBe of Trog (Swamp:2)
  3 tengu reavers
  3 protean progenitors
  7 shadow dragons
  4 draconian monks
  A revenant (Crypt:2)
  7 fire giants
  5 draconian shifters
  12 draconian knights
  2 nagarajas
  7 deep elf elementalists (Elf:3)
  11 vault wardens
  5 deep elf sorcerers
  5 ghouls
  4 draconian scorchers
  A draconian stormcaller (Zot:3)
  4 frost giants
  3 orc warlords
  A ghost moth (Zot:3)
  A juggernaut zombie (Crypt:3)
  3 spriggan defenders (Depths:2)
  3 spectral caustic shrikes (Depths:1)
  9 stone giants
  17 very ugly things
  3 formless jellyfish
  11 ironbound preservers
  5 ironbound thunderhulks
  5 war gargoyles
  8 green draconians
  10 draconian annihilators
  4 deep elf death magi (Elf:3)
  2 yellow draconians
  4 deep elf demonologists (Elf:3)
  A vampire knight (Crypt:2)
  3 eleionomae
  6 black draconians
  8 purple draconians
  A deep elf annihilator (Elf:3)
  15 red draconians
  2 bunyips
  8 white draconians
  6 dire elephants
  A blizzard demon (D:2)
  6 ettins
  An eidolon (Crypt:1)
  5 jiangshi
  4 great orbs of eyes
  A green death (Depths:1)
  Josephine (Orc:2)
  11 yaktaur captains
  27 vault guards
  An entropy weaver (Vaults:4)
  7 ice dragons
  3 deep elf high priests (Elf:3)
  3 fire dragons
  2 salamander tyrants (Snake:4)
  A rakshasa (Depths:4)
  A sphinx zombie (D:15)
  2 spriggan air magi
  3 ghost crabs
  A hell beast (Zot:3)
  13 hydras
  A jorogumo (Zot:1)
  4 anacondas
  9 ironbound frosthearts
  7 alligators
  Erica (Orc:2)
  2 two-headed ogres (shapeshifter)
  A catoblepas (Lair:1)
  A spriggan skeleton (Crypt:3)
  9 naga warriors
  6 death yaks
  A satyr (Zot:1)
  3 centaur warriors
  2 death knights
  A titan zombie (Crypt:3)
  5 two-headed ogres
  5 deep troll earth magi
  3 deep troll shamans
  3 spriggan berserkers
  10 dancing weapons
  2 shock serpents
  3 vampire magi
  Urug (Orc:1)
  A titan skeleton (Depths:1)
  8 naga sharpshooters
  2 thrashing horrors (Lair:5)
  A storm dragon zombie (D:15)
  4 deep elf knights (Elf:2)
  2 skysharks
  3 hell knights
  18 skeletal warriors
  A skyshark (shapeshifter) (Depths:2)
  A wretched star (Vaults:1)
  A quicksilver dragon simulacrum (Depths:1)
  4 iron trolls (Depths:4)
  A sixfirhy (Zot:1)
  4 goliath frogs
  A salamander mystic (Depths:1)
  31 deep trolls
  A sea snake (shapeshifter) (Vaults:4)
  5 swamp dragons
  7 arcanists
  A spriggan druid (Swamp:1)
  7 glowing orange brains
  A shadow demon (Zot:1)
  5 bog bodies
  9 sea snakes
  9 deep elf archers
  2 flayed ghosts
  3 lindwurms
  8 necromancers
  14 mana vipers
  A phantasmal warrior (Vaults:5)
  18 deep elf pyromancers
  10 ironbound convokers
  4 naga ritualists
  4 orc knights
  20 deep elf zephyrmancers
  22 ugly things
  An eleionoma zombie (Crypt:1)
  3 cyclopes
  A faun (shapeshifter) (Depths:2)
  5 orc sorcerers
  12 salamanders
  9 elephants (Lair:5)
  18 moths of wrath
  A cyclops (shapeshifter) (D:15)
  4 manticores
  4 guardian serpents (Snake:4)
  9 vault sentinels
  23 black mambas
  An alligator snapping turtle zombie (Crypt:3)
  An orange demon (D:7)
  7 naga magi
  A gargoyle (D:10)
  A cane toad (shapeshifter) (Elf:1)
  3 cane toads
  An unseen horror (shapeshifter) (Lair:5)
  4 rime drakes
  4 large abominations
  17 yaktaurs
  2 kobold demonologists
  An efreet (D:15)
  Jeremiah (D:7)
  A freezing wraith (Vaults:4)
  4 komodo dragons
  A tengu conjurer (Depths:2)
  An elf zombie (Vaults:2)
  8 trolls
  A wolf spider simulacrum (D:15)
  4 tyrant leeches
  A polar bear (Lair:5)
  A raiju (Lair:5)
  3 glass eyes
  4 hornets
  5 dream sheep (Lair:4)
  A fire dragon zombie (Crypt:3)
  14 blink frogs
  Sigmund (D:5)
  21 flying skulls (Crypt:3)
  21 slime creatures
  2 ettin skeletons
  2 ynoxinuls
  8 spriggans
  13 small abominations
  2 vampires
  9 wraiths
  24 yaks
  2 basilisks (D:11)
  3 water elementals
  2 battlemagi
  Eustachio (D:5)
  A warg (Orc:2)
  8 fire elementals
  A neqoxec (Zot:5)
  A redback (shapeshifter) (Vaults:5)
  A redback (Vaults:2)
  A wind drake skeleton (Crypt:2)
  2 chaos spawn (Depths:3)
  29 nagas
  10 vampire mosquitoes
  2 acid dragons
  Duvessa (D:5)
  A glowing shapeshifter zombie (Vaults:2)
  A hell hound (Volcano)
  8 swamp worms
  11 water moccasins
  A meliai simulacrum (D:14)
  12 orc warriors
  An ice beast (D:7)
  A swamp drake (Swamp:4)
  An ice beast (shapeshifter) (Lair:5)
  A glowing shapeshifter skeleton (Vaults:2)
  A spriggan simulacrum (Depths:1)
  A black bear (Lair:3)
  7 ogres
  10 centaurs
  6 wolves
  2 phantoms
  A kobold brigand (D:10)
  9 bullfrogs
  4 necrophages
  2 gnoll sergeants
  2 earth elementals
  A naga simulacrum (Crypt:1)
  A scorpion (D:6)
  3 wights (D:8)
  Dowan (D:5)
  2 killer bees (D:9)
  5 electric eels
  2 howler monkeys (D:13)
  4 hounds
  2 jellies
  11 orc priests
  2 sleepcaps
  2 iguanas (D:5)
  21 orc wizards
  5 hell rats (Lair:5)
  An acid dragon zombie (Crypt:1)
  9 gnolls
  A steam dragon zombie (Crypt:1)
  10 adders
  A bombardier beetle (D:4)
  2 white imps
  2 ufetubi (D:6)
  2 worms (D:5)
  3 dart slugs
  47 orcs
  A bat zombie (Crypt:2)
  10 endoplasms
  7 giant cockroaches
  5 goblins
  5 hobgoblins
  2 jackals (D:2)
  12 kobolds
  5 quokkas
  8 ball pythons
  5 bats
  A dart slug zombie (Crypt:1)
  9 frilled lizards
  An orc zombie (Crypt:1)
  3 rats
  An aspiring flesh (Depths:4)
  A spectral weapon (Depths:2)
1365 creatures vanquished.

Vanquished Creatures (collateral kills)
  2 dread liches
  4 orbs of fire
  3 Killer Klowns (Zot:5)
  A caustic shrike (Depths:3)
  4 curse toes
  7 golden dragons
  Norris (Vaults:2)
  An electric golem (Zot:5)
  7 tentacled monstrosities
  10 Orb Guardians
  2 liches (Depths:3)
  3 sphinxes
  A searing wretch (Depths:2)
  2 titans (Vaults:5)
  5 death cobs
  Frances (D:13)
  3 quicksilver dragons
  A thorn hunter (Swamp:4)
  An ancient champion (Crypt:1)
  8 storm dragons
  A tengu reaver (Vaults:1)
  2 draconian monks
  Donald (Orc:2)
  A shadow dragon (Zot:1)
  A daeva (Vaults:1)
  3 fire giants
  Aizul (Snake:2)
  3 draconian knights
  A fenstrider witch (Swamp:3)
  2 revenants (Crypt:2)
  2 protean progenitors
  3 deep elf sorcerers
  3 frost giants
  4 draconian shifters
  7 vault wardens
  2 deep elf elementalists (Elf:3)
  5 ironbound preservers
  2 spectral caustic shrikes (Depths:1)
  10 very ugly things
  4 draconian annihilators
  3 draconian stormcallers
  A war gargoyle (Crypt:3)
  A spriggan defender (Depths:3)
  4 ghouls
  3 stone giants (Vaults:5)
  3 formless jellyfish
  4 black draconians
  4 vampire knights
  4 green draconians
  6 ironbound thunderhulks
  2 deep elf demonologists (Elf:3)
  A spark wasp (Depths:2)
  8 purple draconians
  5 yellow draconians
  2 bunyips (Swamp:4)
  8 white draconians
  6 dire elephants
  4 red draconians
  4 deep elf death magi
  2 deep elf annihilators
  An acid blob zombie (Crypt:1)
  2 eidola
  6 ettins
  3 crystal guardians (Crypt:3)
  2 entropy weavers
  A green death (Depths:4)
  A shambling mangrove (Swamp:2)
  6 jiangshi
  A deep elf high priest (Vaults:5)
  4 fire dragons
  8 hydras
  5 yaktaur captains
  A quicksilver dragon zombie (Crypt:3)
  3 great orbs of eyes
  7 vault guards
  2 spriggan zombies (Crypt:3)
  Erolcha (Orc:2)
  A quicksilver dragon skeleton (Crypt:1)
  2 rakshasas
  3 ogre magi
  4 anacondas
  A ghost crab (Swamp:1)
  A spriggan air mage (Depths:4)
  4 ice dragons
  7 alligators
  4 boulder beetles
  A death knight (Crypt:1)
  8 ironbound frosthearts
  A satyr (Zot:1)
  2 two-headed ogres (shapeshifter) (Vaults:5)
  A two-headed ogre (D:14)
  A deep troll shaman (Depths:4)
  2 centaur warriors (D:13)
  3 death yaks
  2 naga warriors
  7 dancing weapons
  4 deep troll earth magi
  A death scarab (Depths:1)
  3 vampire magi
  5 spriggans
  9 hell knights
  2 spriggan berserkers (Depths:2)
  5 naga sharpshooters
  A titan zombie (Crypt:3)
  Nergalle (Orc:2)
  A thrashing horror (Lair:5)
  Sonja (D:11)
  2 sixfirhies
  3 deep elf knights
  4 shadow wraiths
  3 skysharks (Vaults:2)
  2 salamander mystics
  13 skeletal warriors
  22 deep trolls
  2 sea snakes (Snake:4)
  A spriggan druid (Swamp:3)
  2 iron trolls (Depths:4)
  A goliath frog (Swamp:3)
  7 swamp dragons
  2 flayed ghosts (Depths:3)
  2 glowing orange brains
  8 deep elf archers
  A sea snake (shapeshifter) (Vaults:5)
  3 lindwurms
  3 arcanists
  5 phantasmal warriors
  6 necromancers
  5 orc knights
  A steelbarb worm (shapeshifter) (Vaults:4)
  5 deep elf zephyrmancers
  A bog body (Swamp:1)
  4 orc sorcerers (Orc:2)
  4 mana vipers
  5 ironbound convokers
  2 shining eyes (shapeshifter) (Vaults:5)
  16 deep elf pyromancers
  2 will-o-the-wisps
  A fire giant zombie (Vaults:2)
  3 large abominations
  8 moths of wrath
  A cyclops (D:13)
  12 ugly things
  A faun (shapeshifter) (Vaults:5)
  8 salamanders
  2 elephants (Lair:5)
  11 black mambas
  3 cane toads
  A stone giant skeleton (Depths:1)
  3 naga magi
  2 guardian serpents
  13 vault sentinels
  A smoke demon (Lair:5)
  A centaur zombie (Crypt:1)
  2 gargoyles (D:12)
  A black draconian zombie (Crypt:2)
  2 rime drakes (shapeshifter)
  An alligator snapping turtle zombie (Crypt:1)
  A centaur skeleton (Crypt:1)
  A dire elephant skeleton (Crypt:3)
  A rime drake (Lair:3)
  A torpor snail (shapeshifter) (Depths:3)
  A hellion (D:14)
  3 unseen horrors
  8 komodo dragons
  15 yaktaurs
  A kobold demonologist (D:13)
  2 freezing wraiths (Crypt:1)
  A polar bear (shapeshifter) (Vaults:5)
  2 tyrant leeches (Swamp:2)
  3 polar bears
  2 trolls
  10 hornets
  A jumping spider zombie (Crypt:2)
  9 blink frogs
  2 dream sheep (Lair:4)
  10 slime creatures
  A boulder beetle zombie (Crypt:1)
  A fire dragon zombie (Crypt:1)
  10 flying skulls (Crypt:3)
  A centaur simulacrum (D:15)
  A shapeshifter (Elf:1)
  3 water elementals
  2 air elementals (Elf:1)
  6 wraiths
  A ynoxinul (Lair:5)
  A shadow (D:11)
  11 yaks
  A wyvern (D:11)
  A basilisk (Lair:4)
  2 fire elementals (Volcano)
  A redback (Vaults:2)
  A chaos spawn (Lair:5)
  A steam dragon (D:9)
  A warg (D:11)
  4 vampire mosquitoes
  A faun zombie (Crypt:2)
  A naga (shapeshifter) (D:14)
  7 swamp worms
  19 nagas
  An acid dragon (D:12)
  3 water moccasins
  A hell hound (Volcano)
  A cane toad skeleton (Crypt:1)
  10 orc warriors
  4 swamp drakes
  9 small abominations
  A blink frog zombie (Crypt:1)
  6 ogres
  6 wolves
  3 centaurs
  2 phantoms
  A kobold brigand (D:11)
  4 bullfrogs
  2 necrophages
  3 earth elementals
  A gnoll sergeant (D:7)
  4 killer bees
  2 electric eels (Snake:1)
  A troll skeleton (Crypt:2)
  A howler monkey (D:13)
  2 lava snakes (Lair:5)
  A jelly (D:6)
  5 orc priests
  A sleepcap (D:6)
  A gnoll bouda (D:7)
  An iguana (D:7)
  13 orc wizards
  A tengu zombie (Crypt:2)
  An acid dragon zombie (Crypt:2)
  An ogre zombie (Crypt:1)
  2 adders (Sewer)
  3 gnolls (D:7)
  27 orcs
  A ball python (Sewer)
  A giant cockroach (D:5)
  3 quokkas
  3 frilled lizards (Sewer)
  A goblin skeleton (Crypt:2)
  A rat (D:5)
  3 aspiring fleshes
  A butterfly (Lair:3)
847 creatures vanquished.

Vanquished Creatures (others)
  Margery (Depths:3)
  A draconian annihilator (Zot:3)
  A naga warrior (Snake:4)
  2 deep elf knights
  A bog body (Swamp:3)
  A deep elf zephyrmancer (Elf:1)
  A deep elf pyromancer (Elf:3)
  A will-o-the-wisp (Swamp:3)
  2 hornets
  A bloated husk (Swamp:3)
  A tyrant leech (Swamp:1)
  A spriggan (Swamp:2)
  A water moccasin (Lair:5)
  89 battlemagi
  2 orc wizards (Orc:2)
  An ancestor (D:6)
  A quokka (D:10)
  6 foxfires
114 creatures vanquished.

Grand Total: 2326 creatures vanquished

Notes
Turn   | Place    | Note
-------+----------+-------------------------------------------
     0 | D:1      | PanSaczeczos the Minotaur Reaver began the quest for the
                  | Orb.
     0 | D:1      | Reached XP level 1. HP: 18/18 MP: 1/1
   266 | D:1      | Reached skill level 3 in Fighting
   315 | D:1      | Reached XP level 2. HP: 23/26 MP: 3/3
   760 | D:1      | Reached skill level 4 in Fighting
   763 | D:1      | Reached XP level 3. HP: 15/33 MP: 4/4
  1014 | D:2      | Found Sexzaeblu's Antique Weapon Shop.
  1400 | D:3      | Reached skill level 5 in Maces & Flails
  1514 | D:3      | Reached XP level 4. HP: 39/40 MP: 5/5
  1544 | D:3      | Found a snail-covered altar of Cheibriados.
  1549 | D:3      | Identified the +5 short sword of Durable Valiance {pain,
                  | Fly Str-2 Int+6}
  1748 | D:3      | Found a faded altar of an unknown god.
  1759 | D:3      | Found a hazy altar of Hepliaklqana.
  1940 | D:3      | Found a shimmering blue altar of Sif Muna.
  2364 | D:3      | Became a worshipper of Hepliaklqana the Forgotten
  2471 | D:3      | Reached XP level 5. HP: 31/46 MP: 6/6
  2778 | D:4      | Found an iron altar of Okawaru.
  2778 | D:4      | Found a shimmering altar of Xom.
  2921 | D:3      | Reached skill level 5 in Fighting
  2976 | D:4      | Reached skill level 1 in Armour
  3122 | D:4      | Noticed an ogre
  3133 | D:4      | HP: 10/48 [orc/+0 trident (5)]
  3146 | D:3      | HP: 12/48 [something (1)]
  3154 | D:3      | HP: 5/48 [something (3)]
  3650 | D:5      | Entered Level 5 of the Dungeon
  3673 | D:5      | Reached XP level 6. HP: 50/56 MP: 7/7
  3691 | D:5      | Noticed Eustachio
  3819 | D:5      | Reached skill level 6 in Fighting
  3850 | D:5      | Found Guxesedgh's Jewellery Shoppe.
  3900 | D:5      | Noticed Sigmund
  3926 | D:5      | Killed Sigmund
  3927 | D:5      | Reached skill level 7 in Fighting
  4047 | D:5      | Reached * piety under Hepliaklqana
  4061 | D:5      | Reached XP level 7. HP: 59/59 MP: 8/8
  4134 | D:5      | Found a glowing drain.
  4176 | Sewer    | Entered a sewer
  4411 | Sewer    | Identified the +8 spear of Mourning {freeze, Int+3}
  4655 | D:5      | Reached skill level 1 in Polearms
  4850 | D:6      | Reached XP level 8. HP: 47/65 MP: 9/9
  4930 | D:5      | Killed Eustachio
  5078 | D:5      | Noticed Duvessa
  5093 | D:5      | Noticed Dowan
  5094 | D:5      | Killed Duvessa
  5095 | D:5      | Reached skill level 5 in Polearms
  5104 | D:5      | Killed Dowan
  6284 | D:6      | Reached skill level 1 in Invocations
  6421 | D:6      | Reached ** piety under Hepliaklqana
  6422 | D:6      | Remembered your ancestor Zulima as a battlemage
  6549 | D:6      | Reached XP level 9. HP: 71/71 MP: 10/10
  6678 | D:6      | Found an ancient bone altar of Kikubaaqudgha.
  6854 | D:7      | Found Peseomo's Jewellery Emporium.
  6869 | D:7      | Noticed Jeremiah
  6902 | D:7      | Killed Jeremiah
  6930 | D:7      | Reached skill level 5 in Invocations
  6939 | D:7      | Killed an unseen horror
  7050 | D:7      | Found a runed translucent door.
  7051 | D:7      | Noticed Crazy Yiuf
  7094 | D:7      | Found a staircase to the Ecumenical Temple.
  7410 | D:7      | Reached skill level 8 in Fighting
  7503 | D:7      | Found a glowing golden altar of the Shining One.
  7905 | D:7      | Found a sacrificial altar of Ru.
  8088 | D:8      | Paralysed by a hornet for 3 turns
  8319 | D:8      | Noticed a two-headed ogre
  8331 | D:9      | HP: 17/72 [yak (6)]
  8692 | D:8      | Found a hide-covered altar of Uskayaw.
  8814 | D:8      | Killed a two-headed ogre
  8815 | D:8      | Reached skill level 10 in Polearms
  8815 | D:8      | Reached skill level 5 in Armour
  8815 | D:8      | Reached XP level 10. HP: 34/81 MP: 13/13
  9106 | D:2      | Bought a warped spear for 256 gold pieces
  9106 | D:2      | Identified the +1 spear of Jiteaxe {freeze, rElec rPois
                  | Int+2} (You bought it in a shop on level 2 of the Dungeon)
  9242 | D:9      | Reached skill level 9 in Fighting
 10221 | D:9      | Reached *** piety under Hepliaklqana
 10237 | D:9      | Reached skill level 10 in Fighting
 10397 | D:9      | Found a burning altar of Makhleb.
 10471 | D:9      | Reached skill level 1 in Shields
 10682 | D:9      | Noticed a two-headed ogre
 10793 | D:9      | Killed a two-headed ogre
 11192 | D:10     | Entered Level 10 of the Dungeon
 11210 | D:10     | Found a white marble altar of Elyvilon.
 11275 | D:10     | Reached XP level 11. HP: 90/90 MP: 11/14
 11324 | D:10     | Found a staircase to the Orcish Mines.
 11336 | D:10     | Reached skill level 11 in Fighting
 11397 | D:10     | Found a basalt altar of Yredelemnul.
 11560 | D:10     | Reached skill level 5 in Shields
 12047 | D:11     | Found a staircase to the Lair.
 12389 | D:11     | Reached **** piety under Hepliaklqana
 12847 | D:11     | Noticed Sonja
 12848 | D:11     | Killed Sonja
 12877 | D:11     | Reached skill level 12 in Fighting
 12902 | D:11     | Noticed an orc knight
 13017 | D:11     | Killed an orc knight
 13018 | D:11     | Reached skill level 10 in Armour
 13285 | Lair:1   | Entered Level 1 of the Lair of Beasts
 13306 | Lair:1   | Noticed a death yak
 13341 | Lair:1   | Killed a death yak
 13342 | Lair:1   | Reached skill level 5 in Dodging
 13408 | Lair:1   | Noticed a death yak
 13408 | Lair:1   | Noticed a death yak
 13409 | Lair:1   | Noticed a death yak
 13409 | Lair:1   | Noticed a death yak
 13432 | Lair:1   | Noticed a death yak
 13450 | D:11     | Killed a death yak
 13599 | D:11     | Killed a death yak
 13688 | D:11     | Killed a death yak
 13689 | D:11     | Reached XP level 12. HP: 92/100 MP: 16/16
 13728 | Lair:1   | Killed a death yak
 13761 | Lair:1   | Killed a death yak
 13810 | Lair:1   | Found a dark tunnel.
 13841 | Volcano  | Entered a volcano
 14268 | Volcano  | HP: 24/100 [deep elf archer/arrow (2)]
 14579 | Lair:1   | Identified the blade talisman of Objectivity {rPois rC+}
 14630 | Lair:1   | You fall into a shaft and drop 1 floor!
 14775 | Lair:1   | Found a runed translucent door.
 14875 | Lair:1   | Reached skill level 10 in Shields
 14957 | Lair:1   | Noticed a catoblepas
 14994 | Lair:1   | Killed a catoblepas
 15137 | Lair:1   | Noticed Konar's ghost (journeyman BaHu)
 15418 | Lair:2   | Noticed a four-headed hydra
 15437 | Lair:2   | Killed a four-headed hydra
 15443 | Lair:2   | Reached XP level 13. HP: 85/106 MP: 19/19
 15850 | Lair:2   | Found a staircase to the Snake Pit.
 15968 | Lair:2   | Reached skill level 1 in Throwing
 16481 | Lair:2   | Reached ***** piety under Hepliaklqana
 16721 | D:5      | Bought the ring of Cowardice {rElec rC+ rCorr Str+4 Int-4}
                  | for 446 gold pieces
 16905 | Lair:3   | Found a staircase to the Swamp.
 18267 | Lair:4   | Found a viscous altar of Jiyva.
 18267 | Lair:4   | Found a staircase to the Slime Pits.
 18290 | Lair:4   | Reached skill level 10 in Invocations
 18440 | Lair:4   | Reached skill level 13 in Fighting
 18870 | Lair:5   | Entered Level 5 of the Lair of Beasts
 19719 | Lair:5   | Reached XP level 14. HP: 111/116 MP: 20/20
 20520 | Lair:5   | Reached skill level 14 in Fighting
 20678 | Lair:5   | Found a corrupted altar of Lugonu.
 20678 | Lair:5   | Found a one-way gate to the infinite horrors of the Abyss.
 20694 | Lair:5   | Identified the +2 leather armour "Ziojar" {Str+3}
 21337 | Orc:1    | Entered Level 1 of the Orcish Mines
 21338 | Orc:1    | Noticed Urug
 21354 | Orc:1    | Killed Urug
 21560 | Orc:2    | Entered Level 2 of the Orcish Mines
 21638 | Orc:2    | Noticed Josephine
 21909 | Orc:2    | Killed Josephine
 21949 | Orc:1    | Noticed Erolcha
 21949 | Orc:1    | Noticed Erica
 22071 | Orc:2    | Noticed Donald
 22082 | Orc:2    | Killed Donald
 22088 | Orc:2    | Found a staircase to the Elven Halls.
 22303 | Orc:2    | Noticed an orc warlord
 22315 | Orc:2    | Killed an orc warlord
 22668 | Orc:2    | Found Aziz's Magic Scroll Boutique.
 22933 | Orc:2    | Bought a scroll of identify for 28 gold pieces
 22955 | Orc:2    | Found Lymoalo's Antique Armour Shop.
 23052 | Orc:2    | Found a radiant altar of Vehumet.
 23263 | Orc:2    | Found an ancient bone altar of Kikubaaqudgha.
 23263 | Orc:2    | Noticed Nergalle
 23273 | Orc:2    | Killed Nergalle
 23499 | Orc:2    | Found Huurphosch's Antique Armour Boutique.
 23502 | Orc:2    | Found Pihios's Book Shop.
 23520 | Orc:2    | Bought a pair of twisted boots for 256 gold pieces
 23520 | Orc:2    | Identified the -2 pair of boots of Uhyi {Regen+ rCorr Str-5
                  | Dex+3} (You bought it in a shop on level 2 of the Orcish
                  | Mines)
 23521 | Orc:2    | Bought a glowing cloak for 202 gold pieces
 23699 | Orc:2    | Killed Erica
 23917 | Orc:2    | Killed Erolcha
 24323 | D:12     | Reached XP level 15. HP: 125/125 MP: 22/22
 24560 | D:12     | Identified the +3 plate armour "Waelo" {Dex+3}
 24605 | D:12     | Reached skill level 15 in Fighting
 24712 | D:12     | Reached ****** piety under Hepliaklqana
 25287 | D:13     | Found a gate to the Vaults.
 25439 | D:13     | Noticed Frances
 25448 | D:13     | Killed Frances
 25732 | D:13     | Found a shadowy altar of Dithmenos.
 26418 | D:15     | Entered Level 15 of the Dungeon
 26539 | D:15     | Found a staircase to the Depths.
 26687 | D:15     | Noticed Gympuve's ghost (adept TrFi)
 26688 | D:15     | Found a bloodstained altar of Trog.
 26688 | D:15     | Found a transporter.
 26863 | D:15     | Found a transporter.
 27489 | D:15     | Reached skill level 16 in Fighting
 28009 | Snake:1  | Entered Level 1 of the Snake Pit
 28289 | Snake:1  | Reached skill level 1 in Evocations
 28746 | Snake:1  | Reached skill level 15 in Shields
 29338 | Snake:2  | Reached XP level 16. HP: 135/136 MP: 24/24
 29399 | Snake:2  | Identified the serpent talisman of Instinct {Str+2}
 29399 | Snake:2  | Noticed Aizul
 29632 | Snake:2  | Killed Aizul
 31239 | Snake:3  | Reached skill level 17 in Fighting
 31250 | Snake:3  | Reached skill level 15 in Armour
 31642 | Snake:3  | Found a glowing silver altar of Zin.
 31787 | Snake:3  | Reached skill level 10 in Dodging
 32359 | Snake:4  | Entered Level 4 of the Snake Pit
 32419 | Snake:4  | Reached skill level 1 in Axes
 32479 | Snake:4  | Found a glowing silver altar of Zin.
 33045 | D:7      | Bought the amulet of Axkaom {RegenMP rElec rF+ Int+3} for
                  | 744 gold pieces
 33348 | Snake:4  | Found a sacrificial altar of Ru.
 33421 | Snake:4  | Identified the storm talisman of Blue Skies {Will++ Int-3
                  | SInv}
 34264 | Snake:4  | Reached XP level 17. HP: 146/146 MP: 25/25
 34378 | Snake:4  | Reached skill level 18 in Fighting
 34425 | Snake:4  | Noticed a quicksilver dragon
 34448 | Snake:4  | Killed a quicksilver dragon
 34660 | Snake:4  | Identified the +9 shortbow of Absolution {heavy, Str+4
                  | Int+3 Dex-3}
 34669 | Snake:4  | Reached skill level 5 in Axes
 34872 | Snake:4  | Got a serpentine rune of Zot
 35136 | Swamp:1  | Entered Level 1 of the Swamp
 35929 | Swamp:1  | Noticed a tentacled monstrosity
 36213 | Swamp:1  | Killed a tentacled monstrosity
 37219 | Swamp:2  | Found a runed translucent door.
 37221 | Swamp:2  | Found a shimmering altar of Xom.
 37221 | Swamp:2  | Noticed Iffuusoj's ghost (adept MiBe)
 37505 | Swamp:2  | Killed Iffuusoj's ghost
 38590 | Swamp:4  | Entered Level 4 of the Swamp
 39037 | Swamp:4  | Found a runed translucent gate.
 39037 | Swamp:4  | Found a runed translucent gate.
 39037 | Swamp:4  | Found a runed translucent gate.
 39045 | Swamp:4  | Reached skill level 19 in Fighting
 39048 | Swamp:4  | Found the +8 demon blade "Leech" {evervamp, Harm ^Drain
                  | rN+}
 39049 | Swamp:4  | Noticed Xenophilius's ghost (adept DsFE)
 39779 | Swamp:4  | Reached XP level 18. HP: 148/158 MP: 26/26
 40102 | Swamp:4  | Got a decaying rune of Zot
 40680 | Elf:1    | Entered Level 1 of the Elven Halls
 40946 | Elf:1    | Reached skill level 5 in Evocations
 41032 | Elf:1    | Paralysed by an air elemental for 1 turns
 41394 | Elf:1    | Found a huge runed translucent gate.
 41394 | Elf:1    | Found a huge runed translucent gate.
 41394 | Elf:1    | Found a huge runed translucent gate.
 41394 | Elf:1    | Found a huge runed translucent gate.
 41395 | Elf:1    | Found a huge runed translucent gate.
 41396 | Elf:1    | Found a huge runed translucent gate.
 41396 | Elf:1    | Found a huge runed translucent gate.
 41396 | Elf:1    | Found a huge runed translucent gate.
 41396 | Elf:1    | Found a huge runed translucent gate.
 41400 | Elf:1    | Found a huge runed translucent gate.
 41400 | Elf:1    | Found a huge runed translucent gate.
 41400 | Elf:1    | Found a huge runed translucent gate.
 41400 | Elf:1    | Found a huge runed translucent gate.
 41400 | Elf:1    | Found a huge runed translucent gate.
 41400 | Elf:1    | Found a huge runed translucent gate.
 41400 | Elf:1    | Found a huge runed translucent gate.
 41400 | Elf:1    | Found a huge runed translucent gate.
 41401 | Elf:1    | Found a huge runed translucent gate.
 41401 | Elf:1    | Found a huge runed translucent gate.
 41401 | Elf:1    | Found a huge runed translucent gate.
 41403 | Elf:1    | Identified the +0 robe of Midnight {rF+ rN+ Will+}
 41742 | Elf:1    | Identified the ring "Jibaxt" {Wiz rPois Int+2 Dex+3}
 41976 | Elf:1    | Found a runed translucent door.
 41977 | Elf:1    | Noticed MrCrawl's ghost (adept DrFE)
 42464 | Elf:3    | Entered Level 3 of the Elven Halls
 42491 | Elf:2    | Found Leynif's Assorted Antiques.
 43185 | Elf:2    | Found a runed translucent gate.
 43185 | Elf:2    | Found a runed translucent gate.
 43185 | Elf:2    | Found a runed translucent gate.
 43701 | Elf:3    | Reached skill level 10 in Axes
 43768 | Elf:3    | Found Ysatenum's Assorted Antiques.
 44617 | Elf:3    | Reached XP level 19. HP: 138/165 MP: 28/28
 44704 | Elf:3    | Identified the +1 troll leather armour "Uzow" {rC+ Regen+
                  | Str+2}
 45026 | Elf:3    | Identified the +0 ring mail "Buluwn" {rF+ Will+}
 45084 | Elf:3    | Identified the +6 dagger of the Enemy {pain, ^Fragile rF+
                  | Dex+3}
 45102 | Elf:3    | Reached skill level 20 in Fighting
 45330 | Elf:3    | Noticed a Brimstone Fiend
 45398 | Elf:3    | Identified the +4 ring mail of Incorporation {Dex+5}
 45531 | Elf:3    | Got the Octavo of Metallic Resurrection
 45585 | Elf:3    | Identified the staff of Lugonu {^Drain rPois rC+ Str+5
                  | Alchemy}
 46100 | Vaults:1 | Entered Level 1 of the Vaults
 46804 | Vaults:1 | Found Femih's Book Shoppe.
 46825 | Vaults:1 | Found a transporter.
 46826 | Vaults:1 | Noticed Huosm's ghost (adept TrFi)
 46872 | Vaults:1 | Identified the +7 sling of Kenan {flame, rPois rC+ Str-2}
 46902 | Vaults:1 | HP: 42/168 [vault warden/+4 heavy halberd (19)]
 47544 | Vaults:1 | Identified the +0 leather armour of Gravitas {Str+3 Int+2}
 47612 | Vaults:1 | Found a transporter.
 47613 | Vaults:1 | Identified the amulet of Disabb {Spirit rCorr}
 47622 | Vaults:1 | Identified the +10 tower shield "Haso" {rElec}
 47631 | Vaults:1 | Noticed Zenata
 47644 | Vaults:1 | Killed Zenata
 47783 | Vaults:1 | Paralysed by a formless jellyfish for 1 turns
 49019 | Vaults:2 | Noticed Norris
 49025 | Vaults:2 | Killed Norris
 49538 | Vaults:1 | Reached XP level 20. HP: 150/175 MP: 30/30
 49964 | Vaults:2 | Reached skill level 15 in Invocations
 51314 | Vaults:2 | Reached skill level 21 in Fighting
 51874 | Vaults:2 | Paralysed by a formless jellyfish for 1 turns
 52990 | Vaults:3 | Found a staircase to the Crypt.
 53586 | Vaults:4 | Noticed Mennas
 53998 | Vaults:4 | Killed Mennas
 54355 | Vaults:4 | Reached XP level 21. HP: 177/184 MP: 31/31
 55507 | Depths:1 | Entered Level 1 of the Depths
 55516 | Depths:1 | Reached skill level 15 in Dodging
 56703 | Depths:1 | Found a gateway to Hell.
 57259 | Depths:1 | Found a one-way gate leading to the halls of Pandemonium.
 57453 | Depths:2 | Found a portal to a secret trove of treasure.
 57490 | Trove    | Entered a treasure trove
 57535 | Trove    | Identified the ring "Quic" {Ice rElec}
 57537 | Trove    | Identified the ring of Ittolo {Will+ EV+5 Dex+2}
 57541 | Trove    | Identified the amulet "Utuxzuw" {Faith *Slow rN++ Dex+4}
 57543 | Trove    | Identified the amulet "Ycagauqu" {Acrobat SInv}
 57545 | Trove    | Identified the amulet of Foolhardiness {Faith Int+4}
 57547 | Trove    | Identified the ring "Femionap" {rElec rC+ Will- Int+6
                  | Dex+4}
 57549 | Trove    | Identified the ring of Ustuo {Fly rElec MP+9 Int+3 Slay-4}
 57553 | Trove    | Identified the ring of Oqan {+Blink rPois Int+3 Dex-4 SInv}
 57556 | Trove    | Identified the amulet of the Queen {Spirit rCorr Dex+5}
 57771 | Depths:2 | Reached skill level 22 in Fighting
 58508 | Depths:2 | Paralysed by a vampire knight for 5 turns
 58662 | Depths:2 | Identified the +2 pair of boots "Rapsiok" {^Contam rC+
                  | Regen+ Str+4}
 58677 | Depths:2 | Noticed a caustic shrike
 58886 | Depths:2 | Killed a caustic shrike
 58905 | Depths:2 | Reached skill level 15 in Axes
 59275 | Depths:3 | Noticed a golden dragon
 59344 | Depths:2 | Killed a golden dragon
 59418 | Depths:2 | Reached XP level 22. HP: 126/193 MP: 33/33
 60185 | Depths:3 | Noticed a caustic shrike
 60198 | Depths:2 | Killed a caustic shrike
 60243 | Depths:3 | Noticed a golden dragon
 60250 | Depths:3 | Noticed a golden dragon
 60254 | Depths:2 | Killed a golden dragon
 60364 | Depths:3 | Killed a golden dragon
 60776 | Depths:3 | Noticed Margery
 60809 | Depths:3 | Killed Margery
 60957 | Depths:4 | Entered Level 4 of the Depths
 60961 | Depths:4 | Noticed a caustic shrike
 60961 | Depths:4 | Noticed a caustic shrike
 60967 | Depths:4 | Noticed a caustic shrike
 60971 | Depths:4 | Noticed a caustic shrike
 60986 | Depths:3 | Killed a caustic shrike
 60990 | Depths:3 | Killed a caustic shrike
 61053 | Depths:3 | Killed a caustic shrike
 61054 | Depths:3 | Killed a caustic shrike
 61781 | Depths:4 | Reached skill level 23 in Fighting
 61915 | Depths:4 | Identified the +0 robe of Card Tricks {rCorr}
 61966 | Depths:4 | Found a one-way gateway to a ziggurat.
 62373 | Depths:4 | Noticed a golden dragon
 62384 | Depths:4 | Killed a golden dragon
 64287 | Depths:4 | Found a corrupted altar of Lugonu.
 64361 | Depths:4 | Noticed a golden dragon
 64367 | Depths:4 | Killed a golden dragon
 64398 | Depths:4 | Found Pucyff's Gadget Gallery.
 64547 | Depths:4 | Found a gate to the Realm of Zot.
 65035 | Crypt:1  | Entered Level 1 of the Crypt
 65361 | Crypt:1  | Reached XP level 23. HP: 204/204 MP: 34/34
 66718 | Crypt:2  | Found a basalt altar of Yredelemnul.
 67106 | Crypt:3  | Entered Level 3 of the Crypt
 67133 | Crypt:2  | Found an ancient bone altar of Kikubaaqudgha.
 67501 | Crypt:3  | Reached skill level 24 in Fighting
 67746 | Crypt:3  | Noticed a dread lich
 67754 | Crypt:3  | Killed a dread lich
 67769 | Crypt:3  | Found a basalt altar of Yredelemnul.
 68137 | Crypt:3  | Found a staircase to the Tomb.
 68375 | Crypt:3  | Identified the ring of Brilliance {rF+ Will+ MP+9}
 68600 | Vaults:5 | Entered Level 5 of the Vaults
 68869 | Vaults:5 | Reached XP level 24. HP: 176/211 MP: 35/35
 68921 | Vaults:4 | Reached skill level 10 in Evocations
 69086 | Vaults:5 | Noticed an ancient lich
 69142 | Vaults:4 | Killed an ancient lich
 69244 | Vaults:5 | Identified the amulet "Weracei" {Reflect rElec Int+3 Dex-3
                  | SH+5}
 69479 | Vaults:5 | Gained mutation: Your flesh is heat resistant. (rF+) [a
                  | shining eye]
 69516 | Vaults:5 | Identified the +8 plate armour of Baemac {Harm}
 69533 | Vaults:5 | Identified the +2 great sword of Dullness {freeze, rC+
                  | Int+3}
 69731 | Vaults:5 | Identified the +5 chain mail of a treasure trove {rC+ Int+2
                  | SInv}
 69829 | Vaults:5 | Reached skill level 25 in Fighting
 69829 | Vaults:5 | Found Fus Gac's Magic Scroll Shop.
 69838 | Vaults:5 | Bought a scroll of fear for 68 gold pieces
 69838 | Vaults:5 | Bought a scroll of teleportation for 51 gold pieces
 69838 | Vaults:5 | Bought a scroll of fog for 68 gold pieces
 69851 | Vaults:5 | Found Kiutz's Magic Scroll Shoppe.
 69855 | Vaults:5 | Bought a scroll of fear for 88 gold pieces
 69945 | Vaults:5 | Found Mimingoe's Magic Scroll Emporium.
 69945 | Vaults:5 | Found Goaruah's Magic Scroll Boutique.
 69949 | Vaults:5 | Found Degics's Magic Scroll Shoppe.
 69960 | Vaults:5 | Bought a scroll of summoning for 142 gold pieces
 69995 | Vaults:5 | Found Misimasy's Magic Scroll Shoppe.
 70000 | Vaults:5 | Bought a scroll of fear for 60 gold pieces
 70000 | Vaults:5 | Bought a scroll of summoning for 142 gold pieces
 70010 | Vaults:5 | Found Sunakk's Distillery.
 70068 | Vaults:5 | Identified the +8 spear of Awkwardness {antimagic, Dex+3}
 70110 | Vaults:5 | Identified the +0 long sword of Toq Ruuq {antimagic, Int+2}
 70248 | Vaults:5 | Noticed a dread lich
 70255 | Vaults:5 | Killed a dread lich
 70258 | Vaults:5 | Identified a scroll of acquirement
 70264 | Vaults:5 | Identified the +7 rapier of Deformation {flame, rF+}
 70289 | Vaults:5 | Acquired 679 gold pieces
 70311 | Vaults:5 | Got the Spellbook of Chemistry
 70388 | Vaults:5 | Got a silver rune of Zot
 70541 | Vaults:5 | Bought a scroll of enchant weapon for 112 gold pieces
 70541 | Vaults:5 | Bought a scroll of fear for 60 gold pieces
 70541 | Vaults:5 | Bought a scroll of brand weapon for 142 gold pieces
 70563 | Vaults:5 | Bought a scroll of brand weapon for 209 gold pieces
 70806 | Vaults:5 | Bought a potion of mutation for 152 gold pieces
 70806 | Vaults:5 | Bought 2 potions of mutation for 304 gold pieces
 70861 | Vaults:5 | Bought a scroll of teleportation for 45 gold pieces
 70890 | Vaults:5 | Bought a scroll of silence for 180 gold pieces
 71122 | Elf:2    | Bought 2 potions of heal wounds for 290 gold pieces
 71122 | Elf:2    | Bought a scroll of blinking for 217 gold pieces
 71122 | Elf:2    | Bought a scroll of teleportation for 87 gold pieces
 71122 | Elf:2    | Bought a potion of mutation for 232 gold pieces
 71122 | Elf:2    | Bought a scroll of blinking for 217 gold pieces
 71122 | Elf:2    | Bought 2 potions of curing for 174 gold pieces
 71410 | Zot:1    | Entered Level 1 of the Realm of Zot
 72229 | Zot:1    | Reached skill level 5 in Throwing
 72401 | Zot:1    | Noticed a dread lich
 72406 | Zot:1    | Noticed a dread lich
 72419 | Zot:1    | Killed a dread lich
 72420 | Zot:1    | Reached XP level 25. HP: 153/225 MP: 35/35
 72421 | Zot:1    | Killed a dread lich
 72560 | Zot:1    | Found a candlelit altar of Ignis.
 72570 | Zot:1    | Identified the staff of Xouhyij {rN+ Necro}
 72611 | Zot:1    | Identified the +1 rapier of Nutwitodgh {freeze, Stlth+}
 73359 | Zot:2    | Noticed an orb of fire
 73365 | Zot:2    | Killed an orb of fire
 73436 | Zot:2    | Reached skill level 26 in Fighting
 74481 | Zot:3    | Found a radiant altar of Vehumet.
 74695 | Zot:3    | Identified the +2 cloak "Ivugoi"
 74705 | Zot:3    | Found an ornate altar of the Wu Jian Council.
 75412 | Zot:4    | Found a transporter.
 75413 | Zot:4    | Found a transporter.
 75431 | Zot:4    | Found a transporter.
 75438 | Zot:4    | Found a transporter.
 75474 | Zot:4    | Found a transporter.
 75531 | Zot:4    | Found a transporter.
 76054 | Zot:5    | Entered Level 5 of the Realm of Zot
 76361 | Zot:5    | Reached XP level 26. HP: 195/237 MP: 35/35
 77079 | Zot:4    | Reached skill level 10 in Throwing
 77168 | Zot:5    | Noticed a dread lich
 77178 | Zot:5    | Paralysed by a dread lich for 4 turns
 77182 | Zot:5    | Reached skill level 27 in Fighting
 77184 | Zot:5    | Killed a dread lich
 77261 | Zot:5    | Noticed an orb of fire
 77268 | Zot:5    | Killed an orb of fire
 77383 | Zot:5    | Noticed an ancient lich
 77394 | Zot:5    | Killed an ancient lich
 77511 | Zot:5    | Noticed an orb of fire
 77522 | Zot:5    | Killed an orb of fire
 77752 | Zot:5    | Noticed an ancient lich
 77760 | Zot:5    | Killed an ancient lich
 78399 | Zot:5    | Noticed a dread lich
 78406 | Zot:5    | Killed a dread lich
 78647 | Zot:5    | Noticed an orb of fire
 78667 | Zot:5    | Gained mutation: Armour fits poorly on your strangely
                  | shaped body. [an orb of fire]
 78674 | Zot:5    | Killed an orb of fire
 79287 | Zot:5    | Noticed an ancient lich
 79298 | Zot:5    | Killed an ancient lich
 79356 | Zot:5    | Noticed an orb of fire
 79366 | Zot:5    | Killed an orb of fire
 79465 | Zot:5    | Got the Orb of Zot
 79516 | Zot:5    | Noticed Jeer Qek the pandemonium lord
 79794 | D:13     | Noticed Urasuohi the pandemonium lord
 79932 | D:2      | Noticed Gaopoc the pandemonium lord
 79975 | D:$      | Escaped with the Orb!

Illustrated notes

Levels and vault maps discovered:
D:1:      matt_arrival_refuge, layout_basic
D:2:      layout_basic, serial_shops, shop
D:3:      layout_loops_ring, lemuel_tele_altar, mainiacjoe_overflow_paths,
          mainiacjoe_overflow_catwalk, ebering_ecumenical_altar_hall
D:4:      layout_rooms, minitemple
D:5:      layout_layer_cave, gup_sewer_entry_bubbles, serial_shops,
          nicolae_shop_tiny_statue_garden, uniq_duvessa, uniq_eustachio,
          uniq_sigmund
D:6:      layout_loops_ring, kennysheep_mini_moat, nrook_uturn
D:7:      layout_loops_ring, mainiacjoe_overflow_24_doors, pf_just_have_faith,
          minmay_temple_entry_grid, serial_shops, shop_fountains,
          hellmonk_no_cap, uniq_crazy_yiuf_cottage, uniq_jeremiah
D:8:      layout_loops_cross, old_standard_altar
D:9:      layout_cave_pools, mainiacjoe_overflow_concentric_impassable,
          kennysheep_dice
D:10:     layout_loops_ring, elyvilon_altar_4, lemuel_crystal_altar,
          david_orc_2, serial_park_tiny_1
D:11:     layout_roguey, david_lair_generic, uniq_sonja
D:12:     layout_basic, chequers_serial_rivers_micro_d
D:13:     layout_small_grid, skrybe_vaults_entry_preservation,
          grunt_dithmenos_smoke_and_mirrors, uniq_frances
D:14:     layout_rooms, corexii_leaking_fountain
D:15:     gammafunk_depths_entry_grave, layout_basic,
          minmay_misc_feat_more_columns, gammafunk_ghost_wrathful_warriors
Lair:1:   layout_chaotic_city, ebering_ghost_reflecting_pool, enter_volcano_4,
          serial_bayou_pond_b, minivault_19, guppyfry_lair_drakes
Lair:2:   layout_hall_layers, alex1729_snake_entry_snake, beast_lair_carwin_8
Lair:3:   layout_regular_city, skrybe_swamp_entry_bodies, patterned_corridor,
          lemuel_fruit_fields
Lair:4:   layout_hall_layers, minmay_slime_entry_pillars
Lair:5:   hellmonk_lair_end_abyssal_woods, layout_gridlike
Swamp:1:  layout_falls_marsh, nicolae_swamp_ascending_descending
Swamp:2:  nzn_winding_woodlands_small [nzn_winding_woodlands_5x15_split_checker,
          nzn_winding_woodlands_center_diamonds,
          nzn_winding_woodlands_5x15_river_crossing], layout_basic_swamp,
          ebering_ghost_xom, hangedman_swamp_diagram
Swamp:3:  layout_falls_marsh, nicolae_swamp_stair_fork, swamp_pool_4,
          nicolae_swamp_oxbows
Swamp:4:  swamp_basic_johnstein, layout_basic_swamp, gammafunk_ghost_necromancy
Snake:1:  layout_rooms, serial_corexii_hall, chequers_hall_statues_y,
          corexii_hall_statues_x, serial_bayou_lake_a
Snake:2:  layout_cave_town, nicolae_snake_guarding_the_ruins, uniq_aizul
Snake:3:  layout_layer_cave, basic_altar, nicolae_snake_double_loop,
          nicolae_snake_mages_go_home
Snake:4:  hellmonk_snake_rune_quicksilver_temple, layout_basic,
          hangedman_feature_mirror, guppyfry_snake_island
Orc:1:    layout_caves, uniq_erolcha, uniq_urug, uniq_erica
Orc:2:    kennysheep_orc_mage_school, layout_diamond_mine,
          nicolae_orc_jurassic_orc, uniq_josephine, uniq_donald
Elf:1:    minmay_elf_arrival_summoners, layout_gridlike, serial_sigils,
          serial_sigils_hangedman_writhe, serial_sigils_hangedman_carve,
          serial_sigils_hangedman_scratch, serial_sigils_hangedman_gut,
          serial_sigils_hangedman_gut, serial_sigils_hangedman_snap,
          ebering_ghost_inner_flame, hangedman_elf_represent,
          dreamdust_wishing_well, minmay_misc_feat_columns
Elf:2:    elven_hall_of_blades_hangedman_original
          [nicolae_blade_entry_hurt_lockers], layout_geoelf_diagonals,
          serial_shops, shop, feat_on_display
Elf:3:    minmay_elf_hall_x, layout_geoelf_diagonals, serial_shops,
          nicolae_shop_tiny_statue_garden, drop_trap, roderic_roman_lattice
Vaults:1: gammafunk_ghost_abyssal_escape, vaults_room_pools,
          nicolae_vaults_stepped_doors, v_misc_4,
          nicolae_vaults_disappearing_quadrants, nicolae_vaults_sealed_display,
          nicolae_vaults_wine_cellar, vaults_dpeg_ring,
          vaults_dpeg_emergency_exit, layout_vaults_omnicross, serial_shops,
          shop, uniq_zenata
Vaults:2: vaults_room_pools, vaults_standard_mumra_x, nicolae_vaults_rhombus_6,
          hangedman_vaults_restitches, ontoclasm_vaults_ring_large,
          vaults_room_fancy_cross, grunt_vaults_diagonal,
          nicolae_vaults_trapezoid_1, ontoclasm_vaults_loading_screen,
          v_misc_10, vaults_room_corners, layout_vaults_omnigrid, uniq_norris
Vaults:3: vaults_room_guarded_vault, hangedman_vaults_hat, v_misc_1,
          nicolae_vaults_house_2, nicolae_vaults_little_ls,
          nicolae_vaults_storage_room_doors, minmay_crypt_entry_simple_sparse,
          vaults_mumra_hex, v_misc_25, nicolae_vaults_turnstiles,
          layout_vaults_big_room
Vaults:4: nicolae_vaults_ninety_degrees, nicolae_vaults_tetromino_L_2,
          nicolae_vaults_big_ls, nicolae_vaults_more_shelving_1,
          nicolae_vaults_closet_pinwheel_1, nicolae_vaults_layer_cake_slice,
          ontoclasm_vaults_gallery, nicolae_vaults_double_plus_2,
          nicolae_vaults_storage_closets_1, grunt_vaults_twisty, v_misc_19,
          ontoclasm_vaults_loading_screen, layout_vaults_ring, uniq_mennas
Vaults:5
Crypt:1:  layout_catacombs
Crypt:2:  layout_chaotic_city, lemuel_statue_altar, moated_statue,
          lemuel_upstairs_altar
Crypt:3:  cryptofortress_bobbens
Depths:1: layout_big_octagon, grunt_pan_entry_spiral, pf_hell_entry_tar_river,
          hellmonk_scarab_ruin
Depths:2: minmay_big_diamond_grid, layout_long_grid,
          hangedman_abyss_or_decor_stagger, hell_entry, pan_entry,
          enter_trove_3, grunt_ministairs_15
Depths:3: regret_index_malice_mire, layout_cave_pools, minmay_room_of_horrors,
          hell_entry, uniq_margery
Depths:4: grunt_zot_entry_gee_three, layout_gridlike, enter_ziggurat_b,
          grunt_metal_band, serial_sigils_hangedman_confine,
          abyss_entry_flame_altar, nicolae_shop_gadgets, serial_bayou_shore_b,
          serial_bayou_shore_b
Zot:1:    regret_index_infernal_bastille, layout_concentric_octagons,
          regret_index_zotdec_twisting_globes, st_stairs_9
Zot:2:    layout_cellular_growth, hangedman_zot_decor_slant, nicolae_tricolors
Zot:3:    nicolae_zot_stationary_front, layout_misc_corridors,
          regret_index_zotdec_ceiling_fans
Zot:4:    layout_concentric_octagons,
          regret_index_zotdec_abyssal_contain_seething_sorcery,
          serial_nicolae_subway, nicolae_sub_station_stone,
          nicolae_sub_station_crystal, nicolae_sub_station_metal
Zot:5:    layout_gridlike

Skill      XL: |  1  2  3  4  5  6  7  8  9 10 11 12 13 14 15 16 17 18 19 20 21 22 23 24 25 26 |
---------------+-------------------------------------------------------------------------------+-----
Fighting       | 3 4 5 7 8 10 12 13 14 16 17 19 20 21 22 23 24 25 26 27 | 27.0
Maces & Flails | 4 5 6 8 |  8.0
Armour         | 2 3 4 5 8 10 11 13 14 16 17 18 19 20 21 23 24 | 24.0
Polearms       | 3 8 10 12 | 12.0
Invocations    | 3 6 7 9 10 11 13 14 15 16 17 18 | 18.0
Dodging        | 3 4 5 7 8 11 12 13 14 15 16 | 16.0
Shields        | 3 7 10 11 13 15 16 17 18 19 20 21 22 24 26 | 26.5
Throwing       | 3 5 9 12 | 12.0
Evocations     | 2 4 6 7 9 11 12 | 12.0
Axes           | 4 8 10 12 13 15 | 15.8
Spellcasting   | |  1.3
Conjurations   | |  2.1

Action                     |  1- 3 |  4- 6 |  7- 9 | 10-12 | 13-15 | 16-18 | 19-21 | 22-24 | 25-27 || total
---------------------------+-------+-------+-------+-------+-------+-------+-------+-------+-------++-------
  Melee: Mace              |    89 |   183 |    53 |       |       |       |       |       |       ||   325
         Headbutt          |    10 |    22 |    32 |    88 |   283 |   274 |   319 |   417 |   158 ||  1603
         Spear             |       |       |   155 |   464 |  1200 |  1071 |       |       |       ||  2890
         Punch             |       |       |     3 |     2 |       |       |       |       |       ||     5
         Broad axe         |       |       |       |       |       |   257 |  1064 |  1088 |   515 ||  2924
         Demon trident     |       |       |       |       |       |       |    48 |       |       ||    48
         Unarmed           |       |       |       |       |       |       |     1 |       |       ||     1
         Trishula          |       |       |       |       |       |       |       |    90 |       ||    90
  Throw: Dart              |       |       |     1 |    12 |     6 |     4 |     3 |       |       ||    26
         Throwing net      |       |       |       |       |     1 |       |       |       |       ||     1
         Boomerang         |       |       |       |       |       |       |       |       |    60 ||    60
 Invoke: Ancestor Life: Ba |       |       |     1 |       |       |       |       |       |       ||     1
         Recall Ancestor   |       |       |     3 |    14 |    10 |     8 |    15 |    11 |    11 ||    72
         Idealise          |       |       |       |     2 |     4 |     6 |     7 |     4 |     6 ||    29
  Evoke: Wand              |       |       |     3 |     4 |     5 |    11 |     7 |    12 |     3 ||    45
         Phial of floods   |       |       |       |       |     1 |     1 |     1 |       |       ||     3
         Lightning rod     |       |       |       |       |       |       |    14 |     2 |     4 ||    20
         Condenser vane    |       |       |       |       |       |       |       |     1 |       ||     1
    Use: Scroll            |     3 |     1 |    11 |     5 |    10 |    11 |     4 |    26 |    12 ||    83
         Potion            |       |     3 |       |     4 |     3 |       |     9 |     4 |     4 ||    27
   Stab: Distracted        |       |       |     1 |     4 |    10 |    14 |    25 |    32 |    13 ||    99
 Armour: Leather armour    |    36 |       |     7 |       |       |       |       |       |       ||    43
         Scale mail        |    21 |   153 |       |       |       |       |       |       |       ||   174
         Chain mail        |       |    20 |   167 |    64 |       |       |       |       |       ||   251
         Plate armour      |       |       |       |   190 |   420 |   681 |   706 |   153 |       ||  2150
         Skin              |       |       |       |       |       |       |     1 |       |       ||     1
         Gold dragon scale |       |       |       |       |       |       |       |   454 |   290 ||   744
  Dodge: Dodged            |    40 |   105 |    71 |    75 |   164 |   210 |   313 |   423 |   152 ||  1553
  Block: Kite shield       |       |       |       |   116 |   637 |    27 |       |       |       ||   780
         Reflection        |       |       |       |       |    52 |   118 |    57 |    43 |     8 ||   278
         Tower shield      |       |       |       |       |       |   987 |  1142 |  1189 |   425 ||  3743

Table legend: (Time is in decaauts)
 A = Elapsed time spent in this place.
 B = Non-inter-level travel time spent in this place.
 C = Inter-level travel time spent in this place.
 D = Time resting spent in this place.
 E = Time spent auto-exploring this place.
 F = Levels seen in this place.
 G = Mean time per level.
                   A        B        C        D        E       F      G
               +--------+--------+--------+--------+--------+-----+--------+
         Total |  78970 |  70275 |   8695 |  22694 |  29571 |  53 | 1490.0 |
       Dungeon |  18977 |  16294 |   2683 |   4513 |   8299 |  15 | 1265.1 |
          Lair |   7188 |   6376 |    812 |   1389 |   3554 |   5 | 1437.6 |
         Swamp |   5689 |   5163 |    526 |   1858 |   2039 |   4 | 1422.2 |
     Snake Pit |   6519 |   5995 |    524 |   1888 |   2335 |   4 | 1629.8 |
  Orcish Mines |   3002 |   2659 |    343 |   1105 |    887 |   2 | 1501.0 |
   Elven Halls |   5721 |   5067 |    654 |   1817 |   1980 |   3 | 1907.0 |
        Vaults |  11991 |  10526 |   1465 |   4197 |   3855 |   5 | 2398.2 |
         Crypt |   3486 |   3169 |    317 |    302 |   1948 |   3 | 1162.0 |
        Depths |   7140 |   6280 |    860 |   2041 |   2252 |   4 | 1785.0 |
           Zot |   7988 |   7479 |    509 |   3107 |   2060 |   5 | 1597.6 |
         Trove |     74 |     74 |      0 |      0 |     54 |   1 |   74.0 |
         Sewer |    530 |    530 |      0 |     38 |    301 |   1 |  530.0 |
       Volcano |    660 |    660 |      0 |    437 |      4 |   1 |  660.0 |
               +--------+--------+--------+--------+--------+-----+--------+

Top non-repeatable levels by time:
Vaults:1: 3178 daAuts
   Zot:5: 3127 daAuts
   Elf:3: 2662 daAuts
Vaults:4: 2558 daAuts
Depths:2: 2532 daAuts
Vaults:2: 2519 daAuts
Vaults:3: 2290 daAuts
   Orc:2: 2236 daAuts
  Lair:5: 2162 daAuts
 Snake:3: 2063 daAuts
    D:15: 1989 daAuts
     D:5: 1957 daAuts
Depths:4: 1904 daAuts
     D:8: 1862 daAuts
   Elf:1: 1848 daAuts
